 Dungeon Crawl Stone Soup version 0.31-a0-1620-gcbf77bbcfc (webtiles) character file.

Game seed: 6900981684814850511

94 AlmostDecent the Chopper (level 4, 0/54 HPs)
             Began as a Demonspawn Berserker on Jan 12, 2024.
             Was a Believer of Trog.
             Slain by an adder (2 damage)
             ... on level 3 of the Dungeon.
             The game lasted 00:04:19 (1712 turns).

AlmostDecent the Chopper (Demonspawn Berserker)     Turns: 1712, Time: 00:04:19

Health: 0/54       AC:  2    Str: 19    XL:     4   Next: 38%
Magic:  4/4        EV: 12    Int:  7    God:    Trog [**....]
Gold:   52         SH:  0    Dex: 13    Spells: 3/3 levels left

rFire   . . .        a - +0 hand axe
rCold   . . .        (no shield)
rNeg    . . .        b - +0 animal skin
rPois   +            (no helmet)
rElec   .            (no cloak)
rCorr   .            (no gloves)
SInv    .            (no boots)
Will    .....        (no amulet) Stlth
                     k - ring of poison resistance
HPRegen 0.29/turn    (no ring)
MPRegen 0.09/turn

%: no passive effects
@: berserking, very quick
A: demonic guardian 1, foul stench 1
a: Renounce Religion, Berserk, Trog's Hand


You were on level 3 of the Dungeon.
You worshipped Trog.
Trog was pleased with you.
You visited 1 branch of the dungeon, and saw 3 of its levels.

You collected 72 gold pieces.
You spent 20 gold pieces at shops.

Inventory:

Hand Weapons
 a - a +0 hand axe (weapon)
Armour
 b - a +0 animal skin (worn)
Jewellery
 k - a ring of poison resistance (left hand)
Wands
 l - a wand of polymorph (9)
Scrolls
 d - a scroll of fear {unknown}
 e - a scroll of revelation {unknown}
 f - a scroll of enchant weapon {unknown}
 g - a scroll of immolation {unknown}
 h - 2 scrolls of identify
Potions
 c - 2 potions of curing {unknown}
 i - 2 potions of heal wounds {unknown}
 j - a potion of cancellation {unknown}
 m - a potion of mutation {unknown}


   Skills:
 + Level 3.6 Fighting
 + Level 3.9 Axes
 + Level 2.0 Armour
 + Level 2.3 Dodging
 + Level 0.2 Stealth


You had 3 spell levels left.
You didn't know any spells.
Your spell library was empty.

Dungeon Overview and Level Annotations

Branches:
Dungeon (3/15)

Altars:

Shops:
D:2 **[:[


Innate Abilities, Weirdness & Mutations

A weak demonic guardian rushes to your aid.
You may rarely emit foul miasma when damaged in melee.


Message History

You are too injured to fight recklessly!
You are too injured to fight recklessly!
You hit the orc priest but do no damage.
You closely miss the orc wizard.
You hit the orc priest but do no damage.
You hit the orc wizard.
The orc wizard points at you and mumbles some strange words.
The puff of flame hits you!
The orc priest hits you with a +0 flail.
* * * LOW HITPOINT WARNING * * *
A demonic guardian appears!
Okay, then.
You are too berserk!
You hit the orc priest.
The orc priest is moderately wounded.
You hit the orc wizard but do no damage.
The orc wizard misses you.
The orc priest hits you with a +0 flail.
* * * LOW HITPOINT WARNING * * *
You closely miss the orc priest.
The orc priest is moderately wounded.
You hit the orc wizard but do no damage.
Your shadow imp closely misses the orc priest.
The orc priest miscasts a cantrip.
The orc wizard hits you with a +0 dagger.
* * * LOW HITPOINT WARNING * * *
You slash the orc priest!
You kill the orc priest!
Trog accepts your kill.
You can now call upon Trog for regeneration and willpower.
You hit the orc wizard.
Your shadow imp closely misses the orc wizard.
The orc wizard hits you with a +0 dagger.
* * * LOW HITPOINT WARNING * * *
You have reached level 4!
You feel agile.
You barely miss the orc wizard.
The orc wizard is heavily wounded.
You closely miss the adder. The adder bites you.
You die...

# ###. #....########
#....S@.....#
#....o5.....#
#.........#.#
#.........#.#
#.........#.#.. .
#.........#.#.# .###
#..(......#.#.###....
#.........#.#........
...$.....#.#.≈≈≈≈...


You could see an orc wizard (ally target), an adder and a friendly shadow imp
(summoned).

Vanquished Creatures
  An orc priest (D:3)
  3 adders (D:2)
  A dart slug (D:2)
  A ribbon worm (D:2)
  An orc (D:3)
  5 ball pythons
  4 endoplasms (D:1)
  4 goblins
  A hobgoblin (D:1)
  4 jackals (D:1)
  2 quokkas (D:1)
  2 bats (D:1)
  5 rats
34 creatures vanquished.

Notes
Turn   | Place    | Note
-------+----------+-------------------------------------------
     0 | D:1      | AlmostDecent the Demonspawn Berserker began the quest for
                  | the Orb.
     0 | D:1      | Reached XP level 1. HP: 18/18 MP: 1/1
   196 | D:1      | Gained mutation: A weak demonic guardian rushes to your
                  | aid. [demonic ancestry]
   196 | D:1      | Reached XP level 2. HP: 11/24 MP: 2/2
   928 | D:2      | Gained mutation: You may rarely emit foul miasma when
                  | damaged in melee. [demonic ancestry]
   928 | D:2      | Reached XP level 3. HP: 24/29 MP: 3/3
   970 | D:2      | Found Binlurox's General Store.
  1040 | D:2      | Found Cobaah's Antique Armour Boutique.
  1041 | D:2      | Found Zoisazas's Book Shoppe.
  1289 | D:2      | Found Dunekhlu's Antique Armour Shop.
  1384 | D:2      | Reached ** piety under Trog
  1436 | D:2      | Found Yqyruf's General Store.
  1441 | D:2      | Bought a scroll of identify for 20 gold pieces
  1711 | D:3      | HP: 1/43 [orc wizard/+0 dagger (3)]
  1712 | D:3      | Reached XP level 4. HP: 1/36 MP: 4/4
  1712 | D:3      | Slain by an adder

Illustrated notes

Levels and vault maps discovered:
D:1:      dpeg_arrival_round_b, layout_basic
D:2:      layout_basic, serial_shops,
          nicolae_shop_temple_entry_statues_fountains, shop, shop,
          nicolae_shop_overgrown_old_shop, shop, minmay_misc_feat_four_crosses
D:3:      layout_basic, shapermc_ecumenical_altar_mp_highgroup,
          portal_sewer_entry_d, chequers_serial_rivers_micro_d

Skill      XL: |  1  2  3 |
---------------+----------+-----
Axes           | 3 |  3.9
Armour         | 2 |  2.0
Dodging        | 2 |  2.3
Fighting       | |  3.6
Stealth        | |  0.2

Action                     |  1- 3 |  4- 6 || total
---------------------------+-------+-------++-------
  Melee: Hand axe          |   102 |     1 ||   103
         Punch             |     2 |       ||     2
 Invoke: Berserk           |     2 |       ||     2
   Stab: Sleeping          |     1 |       ||     1
 Armour: Animal skin       |    55 |     1 ||    56
  Dodge: Dodged            |    74 |       ||    74

Table legend: (Time is in decaauts)
 A = Elapsed time spent in this place.
 B = Non-inter-level travel time spent in this place.
 C = Inter-level travel time spent in this place.
 D = Time resting spent in this place.
 E = Time spent auto-exploring this place.
 F = Levels seen in this place.
 G = Mean time per level.
                   A        B        C        D        E       F      G
               +--------+--------+--------+--------+--------+-----+--------+
         Total |   1729 |   1698 |     31 |      0 |   1457 |   3 |  576.3 |
       Dungeon |   1729 |   1698 |     31 |      0 |   1457 |   3 |  576.3 |
               +--------+--------+--------+--------+--------+-----+--------+

Top non-repeatable levels by time:
     D:2: 849 daAuts
     D:1: 846 daAuts
     D:3: 33 daAuts
